 Dungeon Crawl Stone Soup version 0.19.0-18-g426998a (webtiles) character file.

34960 Eviona the Martial Artist (level 13, -17/122 HPs)
             Began as a Red Draconian Transmuter on Nov 11, 2016.
             Was a High Priest of Makhleb.
             Demolished by a komodo dragon (24 damage)
             ... on level 14 of the Dungeon.
             The game lasted 01:21:45 (21487 turns).

Eviona the Martial Artist (DrTm)                   Turns: 21487, Time: 01:21:46

Health: -17/122    AC: 16    Str: 13    XL:     13   Next: 45%
Magic:  12/17      EV: 20    Int: 20    God:    Makhleb [*****.]
Gold:   1147       SH:  0    Dex: 19    Spells: 2 memorised, 8 levels left

rFire  + + .     SeeInvis +       - Unarmed
rCold  . . .     Gourm    .     (armour unavailable)
rNeg   . . .     Faith    .     (no shield)
rPois  .         Spirit   .     M - +3 crown of Dyrovepreva {rElec Int+2 SInv}
rElec  +         Reflect  .     Q - +2 cloak
rCorr  .         Harm     +     B - +1 pair of gloves
MR     .....                    (no boots)
Stlth  ++........               f - amulet of harm
                                C - +3 ring of dexterity
                                k - +4 ring of intelligence

@: very slightly contaminated, starving
A: breathe fire, unfitting armour, fire resistance 2, cold-blooded, AC +8
a: Breathe Fire, Minor Destruction, Lesser Servant of Makhleb, Major
Destruction, Greater Servant of Makhleb, Renounce Religion


You were on level 14 of the Dungeon.
You worshipped Makhleb.
Makhleb was extremely pleased with you.
You were starving.

You visited 4 branches of the dungeon, and saw 20 of its levels.
You also visited: Labyrinth.

You collected 1297 gold pieces.
You spent 150 gold pieces at shops.

Inventory:

Missiles
 d - 54 arrows
 h - 572 stones (quivered)
Armour
 B - a +1 pair of gloves (worn)
 M - the +3 crown of Dyrovepreva (worn) {rElec Int+2 SInv}
   (You found it on level 10 of the Dungeon)

   It affects your intelligence (+2).
   It insulates you from electricity.
   It lets you see invisible.
 Q - a +2 cloak (worn)
Jewellery
 f - an amulet of harm (around neck)
 k - a +4 ring of intelligence (left hand)
 m - an uncursed ring of positive energy
 C - a +3 ring of dexterity (right hand)
 F - an uncursed ring of positive energy
 G - an uncursed ring of protection from cold
 H - an uncursed ring of ice
 R - an uncursed ring of stealth
 X - the ring of Quloinuu {*Tele rPois MR+ Int+2 SInv, unknown}
   (You found it on level 12 of the Dungeon)

   [ring of teleportation]

   It may teleport you next to monsters.
   It affects your intelligence (+2).
   It protects you from poison.
   It affects your resistance to hostile enchantments.
   It lets you see invisible.
 Y - an uncursed ring of positive energy
 Z - an uncursed ring of stealth
Wands
 q - a wand of disintegration (12/24)
 s - a wand of paralysis (24/24)
 w - a wand of teleportation (1/9)
 y - a wand of iceblast (10/15)
 A - a wand of polymorph (9/24)
 I - a wand of acid (7/15)
 P - a wand of digging (12/24)
 S - a wand of iceblast (5/15)
 T - a wand of iceblast (9/15)
Scrolls
 j - 4 scrolls of remove curse
 n - 8 scrolls of identify
 o - 2 scrolls of teleportation
 t - a scroll of brand weapon
 L - 3 scrolls of fog
Potions
 a - a potion of resistance {unknown}
 e - a potion of haste
 l - a potion of cure mutation
 p - a potion of might
 v - 2 potions of ambrosia
 x - 2 potions of flight
 D - 3 potions of brilliance
 K - 12 potions of degeneration
 V - 2 potions of invisibility
Books
 b - a book of Changes

   Spells                             Type                      Level
   a - Beastly Appendage              Transmutation                1
   b - Sticks to Snakes               Transmutation                2
   c - Spider Form                    Transmutation/Poison         3
   d - Ice Form                       Ice/Transmutation            4
   e - Blade Hands                    Transmutation                5
 i - a book of Cantrips

   Spells                             Type                      Level
   a - Confusing Touch                Hexes                        1
   b - Animate Skeleton               Necromancy                   1
   c - Summon Small Mammal            Summoning                    1
   d - Apportation                    Translocation                1
 u - the Reference Book on Beguiling and the Mountains
   (You found it on level 9 of the Dungeon)

   Spells                             Type                      Level
   a - Sandblast                      Earth                        1
   b - Confusing Touch                Hexes                        1
   c - Corona                         Hexes                        1
   d - Summon Mana Viper              Hexes/Summoning              5
   e - Iron Shot                      Conjuration/Earth            6
   f - Invisibility                   Hexes                        6
 z - a book of Callings

   Spells                             Type                      Level
   a - Summon Small Mammal            Summoning                    1
   b - Call Imp                       Summoning                    2
   c - Call Canine Familiar           Summoning                    3
   d - Summon Guardian Golem          Hexes/Summoning              3
   e - Summon Lightning Spire         Summoning/Air                4
   f - Summon Ice Beast               Ice/Summoning                4
 E - a book of Death

   Spells                             Type                      Level
   a - Corpse Rot                     Necromancy                   2
   b - Sublimation of Blood           Necromancy                   2
   c - Agony                          Necromancy                   5
   d - Dispel Undead                  Necromancy                   5
   e - Excruciating Wounds            Charms/Necromancy            5
   f - Bolt of Draining               Conjuration/Necromancy       5
Miscellaneous
 N - a crystal ball of energy
Comestibles
 c - 11 bread rations
 r - 8 meat rations
 O - 14 fruits


   Skills:
 - Level 13.0 Fighting
 - Level 10.0 Dodging
 + Level 14.1 Unarmed Combat
 - Level 2.0 Spellcasting
 - Level 8.0 Transmutations
 - Level 5.5 Invocations


You had 8 spell levels left.
You knew the following spells:

 Your Spells              Type           Power        Failure   Level  Hunger
b - Spider Form           Tmut/Pois      ###.......   10%         3    ###....
c - Blade Hands           Tmut           ####......   17%         5    ######.


Dungeon Overview and Level Annotations

Branches:
Dungeon (14/15)            Temple (1/1) D:4            Lair (3/6) D:11
 Shoals (0/4) Lair:3       Spider (0/4) Lair:2          Orc (2/2) D:11
    Elf (0/3) Orc:2
 Vaults: D:13-14

Altars:
Ashenzari
Cheibriados
Dithmenos
Elyvilon
Fedhas
Gozag
Hepliaklqana
Kikubaaqudgha
Makhleb
Nemelex Xobeh
Okawaru
Qazlal
Ru
Sif Muna
Trog
Uskayaw
Vehumet
Xom
Yredelemnul
Zin
The Shining One

Shops:
D:12 }   Orc:1 *

Annotations:
Lair:2 exclusion: oklob plant
Orc:2 Fhqwhgads's ghost, adept FoFi


Innate Abilities, Weirdness & Mutations

You can breathe blasts of fire.
Your fiery red scales are hard. (AC +8)
You cannot fit into any form of body armour.
Your flesh is very heat resistant. (rF++)
You are cold-blooded and may be slowed by cold attacks.


Message History

The komodo dragon bites you!!
* * * LOW HITPOINT WARNING * * *
You hit the komodo dragon.
The komodo dragon is heavily wounded.
The komodo dragon bites you!
* * * LOW HITPOINT WARNING * * *
You hit the komodo dragon but do no damage.
The komodo dragon is heavily wounded.
The komodo dragon barely misses you.
You hit the komodo dragon but do no damage.
The komodo dragon is heavily wounded.
You hit the komodo dragon but do no damage.
You tail-slap the komodo dragon, but do no damage.
The komodo dragon is heavily wounded.
The komodo dragon bites you but does no damage.
You punch the komodo dragon!
You tail-slap the komodo dragon, but do no damage.
The komodo dragon is severely wounded.
The komodo dragon bites you!!
You die...

#######+######
#............+
#.....@......#
#.##'##l.....#
#.#...#......#
###+#.#...#......#
#.....#...#......#
#.....#...#....###
#<....###+#....#
#..............#
#..............+


You could see a komodo dragon.

Vanquished Creatures
  Kirke (D:12)
  A minotaur (Lab)
  An ice dragon (Lair:3)
  Fannar (D:10)
  A catoblepas (Lair:2)
  2 centaur warriors (D:13)
  The ghost of crawlcharacter the Severer, a journeyman MiBe of Trog (Lair:2)
  An unseen horror (D:12)
  4 hill giants
  The ghost of mamga the Cleaver, a novice DDCK of Xom (D:9)
  An ugly thing (D:11)
  An orc sorcerer (Orc:1)
  A centaur zombie (D:11)
  A black mamba (Lair:3)
  4 spiny frogs
  2 kobold demonologists
  3 rime drakes
  An efreet (D:12)
  4 komodo dragons
  4 trolls
  4 hippogriffs
  5 blink frogs (Lair:1)
  10 slime creatures
  A spriggan (D:7)
  4 wyverns
  3 wraiths
  4 yaks (Lair:1)
  2 redbacks (Lair:2)
  A shadow (D:11)
  A vampire (D:13)
  Sigmund (D:6)
  A basilisk (Lair:2)
  A golden eye (shapeshifter) (D:13)
  4 hogs (D:12)
  Grum (D:10)
  A steam dragon (D:9)
  A mottled dragon (D:13)
  9 water moccasins
  5 porcupines
  14 ice beasts
  A necrophage (D:12)
  9 orc warriors
  3 sky beasts
  An eye of draining (D:11)
  3 phantoms
  A black bear (D:12)
  8 ogres
  6 centaurs
  13 wolves
  4 crocodiles
  17 bullfrogs
  2 wyvern zombies
  A gnoll sergeant (D:5)
  6 scorpions
  A wyvern skeleton (D:12)
  A water moccasin skeleton (D:7)
  11 killer bees
  6 electric eels
  4 howler monkeys
  5 crimson imps
  13 hounds
  A quasit (D:11)
  2 bullfrog zombies
  4 jellies
  11 orc priests
  Crazy Yiuf (D:2)
  A centaur skeleton (D:7)
  2 bullfrog skeletons
  4 iguanas
  21 orc wizards
  11 worker ants
  4 hound zombies
  2 hound skeletons (D:4)
  4 gnolls (D:5)
  15 adders
  4 shadow imps
  2 oozes (D:3)
  3 worms
  A dart slug (D:2)
  3 leopard geckos
  61 orcs
  3 giant cockroaches
  13 hobgoblins
  12 jackals
  3 quokkas
  7 bats
  A frilled lizard (D:2)
  10 goblins
  8 kobolds
  A leopard gecko zombie (D:6)
  A quokka skeleton (D:4)
  8 rats
449 creatures vanquished.

Vanquished Creatures (collateral kills)
  A hydra (D:13)
  A centaur skeleton (D:13)
  A slime creature (D:13)
  An ice beast (D:13)
  A worker ant (D:13)
5 creatures vanquished.

Vanquished Creatures (others)
  A rime drake (Lair:3)
  A quokka (D:5)
2 creatures vanquished.

Grand Total: 456 creatures vanquished

Notes
Turn   | Place    | Note
-------+----------+-------------------------------------------
     0 | D:1      | Eviona the Draconian Transmuter began the quest for the Orb.
     0 | D:1      | Reached XP level 1. HP: 16/16 MP: 3/3
   310 | D:1      | Reached XP level 2. HP: 23/23 MP: 5/5
   792 | D:2      | Found a runed door.
   987 | D:2      | Reached XP level 3. HP: 15/28 MP: 4/6
  1159 | D:2      | Learned a level 3 spell: Spider Form
  1169 | D:2      | Reached skill level 4 in Unarmed Combat
  1514 | D:2      | Found a hazy altar of Hepliaklqana.
  1695 | D:2      | Noticed Crazy Yiuf
  1702 | D:2      | Killed Crazy Yiuf
  1702 | D:2      | Reached XP level 4. HP: 11/35 MP: 3/7
  1961 | D:3      | Reached skill level 5 in Unarmed Combat
  1975 | D:3      | Reached XP level 5. HP: 27/40 MP: 2/8
  2693 | D:3      | Found a sparkling altar of Nemelex Xobeh.
  2693 | D:3      | Found a hide-covered altar of Uskayaw.
  2694 | D:3      | Found a sacrificial altar of Ru.
  2923 | D:3      | Reached XP level 6. HP: 39/47 MP: 5/9
  2999 | D:3      | Reached skill level 5 in Transmutations
  3829 | D:4      | Your scales start taking on a fiery red colour.
  3829 | D:4      | Reached XP level 7. HP: 52/52 MP: 6/10
  3829 | D:4      | Gained mutation: Your flesh is heat resistant. (rF+) [Red Draconian growth]
  3876 | D:4      | Reached skill level 6 in Unarmed Combat
  3883 | D:4      | Found an ancient bone altar of Kikubaaqudgha.
  4131 | D:4      | Found a staircase to the Ecumenical Temple.
  4148 | Temple   | Entered the Ecumenical Temple
  4640 | D:4      | Learned a level 5 spell: Blade Hands
  4646 | D:5      | Entered Level 5 of the Dungeon
  4804 | D:5      | Reached skill level 7 in Unarmed Combat
  4818 | D:5      | Reached XP level 8. HP: 56/59 MP: 9/11
  6360 | D:6      | Reached skill level 8 in Unarmed Combat
  6427 | D:6      | Noticed Sigmund
  7062 | D:6      | Reached skill level 5 in Fighting
  7062 | D:6      | Reached XP level 9. HP: 45/74 MP: 6/12
  7226 | D:6      | Killed Sigmund
  7302 | D:6      | Found a deep blue altar of Sif Muna.
  7841 | D:6      | Gained mutation: Your flesh is very heat resistant. (rF++) [potion of beneficial mutation]
  7991 | D:7      | Found a burning altar of Makhleb.
  7996 | D:7      | Became a worshipper of Makhleb the Destroyer
  9074 | D:8      | Reached * piety under Makhleb
  9214 | D:8      | Reached XP level 10. HP: 79/91 MP: 10/13
  9645 | D:8      | Reached skill level 5 in Dodging
 10095 | D:8      | Found a shadowy altar of Dithmenos.
 10493 | D:9      | Identified the Reference Book on Beguiling and the Mountains
 10512 | D:9      | Noticed an orange demon
 10637 | D:9      | Found a glowing golden altar of the Shining One.
 10650 | D:9      | Reached skill level 1 in Invocations
 10721 | D:9      | Noticed a hill giant
 10733 | D:9      | Killed a hill giant
 10825 | D:9      | Noticed mamga's ghost (novice DDCK)
 10835 | D:9      | Killed mamga's ghost
 10835 | D:9      | Reached skill level 5 in Invocations
 10936 | D:9      | Reached ** piety under Makhleb
 11449 | D:10     | Entered Level 10 of the Dungeon
 11661 | D:10     | Noticed Fannar
 11676 | D:10     | Killed Fannar
 11863 | D:10     | Noticed Grum
 11866 | D:10     | Reached XP level 11. HP: 95/97 MP: 5/15
 11872 | D:10     | Killed Grum
 12483 | D:11     | Found a staircase to the Lair.
 12496 | D:11     | Found a staircase to the Orcish Mines.
 12804 | D:11     | Reached *** piety under Makhleb
 12885 | D:11     | Noticed a hill giant
 12898 | D:11     | Killed a hill giant
 12910 | D:11     | Reached skill level 10 in Dodging
 13137 | D:11     | Reached skill level 9 in Unarmed Combat
 13596 | Lair:1   | Entered Level 1 of the Lair of Beasts
 13750 | Lair:1   | Reached skill level 10 in Unarmed Combat
 14694 | Lair:2   | Found a hole to the Spider Nest.
 14706 | Lair:2   | Noticed crawlcharacter's ghost (journeyman MiBe)
 14709 | Lair:2   | Reached **** piety under Makhleb
 14709 | Lair:2   | Reached skill level 11 in Unarmed Combat
 14715 | Lair:2   | Killed crawlcharacter's ghost
 14731 | Lair:2   | Reached XP level 12. HP: 73/104 MP: 4/16
 15459 | Lair:2   | Reached skill level 12 in Unarmed Combat
 15634 | Lair:2   | Noticed a catoblepas
 16137 | Lair:2   | Killed a catoblepas
 16137 | Lair:2   | Reached skill level 10 in Fighting
 16513 | Lair:3   | Found a staircase to the Shoals.
 16745 | Lair:3   | Found a labyrinth entrance.
 16754 | Lab      | Entered a labyrinth
 17430 | Lab      | Noticed a minotaur
 17437 | Lab      | Killed a minotaur
 17743 | Lair:3   | Noticed an ice dragon
 17749 | Lair:3   | Noticed an ice dragon
 17750 | Lair:3   | Noticed an ice dragon
 17765 | Lair:3   | Killed an ice dragon
 18018 | D:11     | Reached ***** piety under Makhleb
 18036 | Orc:1    | Entered Level 1 of the Orcish Mines
 18202 | Orc:1    | Found Kayxtes's Assorted Antiques.
 18205 | Orc:1    | Bought a runed onyx ring for 150 gold pieces
 18314 | Orc:2    | Entered Level 2 of the Orcish Mines
 18314 | Orc:2    | Noticed Fhqwhgads's ghost (adept FoFi)
 19099 | Orc:2    | Found a staircase to the Elven Halls.
 20230 | D:12     | Reached XP level 13. HP: 120/122 MP: 13/17
 20456 | D:12     | Found Legepali's Gadget Shoppe.
 20545 | D:12     | Noticed Kirke
 20611 | D:12     | Killed Kirke
 20611 | D:12     | Reached skill level 13 in Unarmed Combat
 20767 | D:12     | Got a translucent iron ring
 21168 | D:13     | Noticed a stone giant
 21175 | D:13     | Reached skill level 14 in Unarmed Combat
 21483 | D:14     | HP: 6/122 [komodo dragon (15)]
 21487 | D:14     | Demolished by a komodo dragon

Skill      XL: |  1  2  3  4  5  6  7  8  9 10 11 12 13 |
---------------+----------------------------------------+-----
Dodging        | 2 4 8 10 | 10.0
Unarmed Combat | 4 5 7 8 11 12 14 | 14.1
Transmutations | 3 4 5 6 8 |  8.0
Fighting       | 5 9 13 | 13.0
Invocations    | 5 |  5.5
Spellcasting   | |  2.0

Action                   |  1- 3 |  4- 6 |  7- 9 | 10-12 | 13-15 || total
-------------------------+-------+-------+-------+-------+-------++-------
Melee: Unarmed           |   137 |   179 |   379 |   722 |   113 ||  1530
       Tailslap          |    12 |     5 |    28 |    90 |    14 ||   149
       Punch             |     1 |     1 |     2 |    30 |    16 ||    50
       Kick              |     1 |       |       |       |       ||     1
Throw: Stone             |     1 |     1 |     7 |    19 |     1 ||    29
 Cast: Beastly Appendage |     2 |       |       |       |       ||     2
       Spider Form       |     3 |    25 |    20 |     3 |     1 ||    52
       Blade Hands       |       |       |    17 |    62 |    12 ||    91
Invok: Lesser Servant of |       |       |       |       |     3 ||     3
 Abil: Breathe Fire      |       |       |    12 |    14 |     1 ||    27
  Use: Scroll            |       |     5 |    10 |     8 |     5 ||    28
       Potion            |       |       |     1 |     4 |     2 ||     7
 Stab: Sleeping          |       |     3 |     1 |     2 |       ||     6
       Distracted        |       |       |       |       |     1 ||     1
  Eat: Chunk             |     3 |    11 |    29 |    51 |     7 ||   101
       Beef jerky        |       |       |     1 |     1 |       ||     2
       Meat ration       |       |       |       |     2 |       ||     2
       Fruit             |       |       |       |     2 |     2 ||     4
       Royal jelly       |       |       |       |     1 |       ||     1
Armor: Skin              |    36 |    21 |    65 |   146 |    25 ||   293
Dodge: Dodged            |    90 |   125 |   215 |   578 |   103 ||  1111
